 Dungeon Crawl Stone Soup version 0.19.0-2-gae57169 (webtiles) character file.

72 TitanofWar the Shield-Bearer (level 4, -4/31 HPs)
             Began as an Octopode Fighter on Nov 6, 2016.
             Slain by a hobgoblin (7 damage)
             ... led by Robin
             ... on level 2 of the Dungeon.
             The game lasted 00:04:14 (1470 turns).

TitanofWar the Shield-Bearer (Octopode Fighter)     Turns: 1470, Time: 00:04:15

Health: -4/31      AC:  1    Str: 15    XL:     4   Next: 25%
Magic:  4/4        EV: 12    Int: 10    God:
Gold:   35         SH:  8    Dex: 12    Spells: 0 memorised, 3 levels left

rFire  . . .     SeeInvis .     a - +0 long sword
rCold  . . .     Gourm    .     b - +0 shield
rNeg   . . .     Faith    .     (helmet restricted)
rPois  .         Spirit   .     (no amulet)
rElec  .         Reflect  .     (no ring)
rCorr  .         Harm     .     (no ring)
MR     .....                    (no ring)
Stlth  +++.......               (no ring)
                                (no ring)
                                (no ring)
                                (no ring)
                                (no ring)

@: no status effects
A: almost no armour, stealthy swim, amphibious, 8 rings, constrict 8, camouflage
1, gelatinous body 1
a: no special abilities


You were on level 2 of the Dungeon.
You were not hungry.

You visited 1 branch of the dungeon, and saw 2 of its levels.

You collected 35 gold pieces.

Inventory:

Hand Weapons
 a - a +0 long sword (weapon)
Armour
 b - a +0 shield (worn)
Wands
 p - a wand of paralysis (8/24)
Scrolls
 g - a scroll of remove curse {unknown}
 h - a scroll of magic mapping {unknown}
 i - 2 scrolls of enchant weapon {unknown}
 j - a scroll of immolation {unknown}
 l - a scroll of enchant armour {unknown}
 n - a scroll of noise {unknown}
 o - a scroll of blinking {unknown}
Potions
 c - a potion of might
 e - a potion of mutation {unknown}
 k - a potion of lignification {unknown}
 m - a potion of brilliance {unknown}
Comestibles
 d - 2 bread rations
 f - a meat ration


   Skills:
 + Level 3.2 Fighting
 * Level 3.1 Long Blades
 - Level 3.2 Dodging
 * Level 2.6 Stealth
 - Level 3.3 Shields


You had 3 spell levels left.
You didn't know any spells.

Dungeon Overview and Level Annotations

Branches:
Dungeon (2/15)

Altars:

Annotations:
D:2 Robin


Innate Abilities, Weirdness & Mutations

You cannot wear most types of armour.
You are very stealthy in the water. (Stealth+)
You are amphibious.
You can wear up to eight rings at the same time.
You can use your tentacles to constrict eight enemies at once.
Your skin changes colour to match your surroundings (Stealth+).
Your rubbery body absorbs attacks. (AC +1, EV +1)


Message History

You hit the goblin.
You kill the goblin!
Robin throws the goblin at you! The goblin hits you but does no damage.
Robin throws the goblin at you! You block the goblin's attack. x2
You swing at nothing.
The goblin hits you with a dagger. x2
You swing at nothing.
The goblin hits you with a dagger. x2
* * * LOW HITPOINT WARNING * * *
2 hobgoblins come into view.
You barely miss the goblin.
The hobgoblin shouts! x2
Your grab misses the goblin. The goblin closely misses you.
The hobgoblin hits you.
* * * LOW HITPOINT WARNING * * *
The goblin barely misses you.
You riposte.
You hit the goblin. Your grab misses the goblin.
The goblin is severely wounded.
The goblin hits you with a dagger.
* * * LOW HITPOINT WARNING * * *
The hobgoblin hits you!
You die...

..# #g# # #.# ## #g #g#
#. #.##g##.# #)
#.....gg# ## #.....gg#
#. #.##.##g# .# #. #
##@###.[.## ######. #
#.#.gg......# #......
#.##.#..####.#.###.####.
#.......# #.#..........
####.#.#####.#..##.#####
#.......#.#..##.#
###.###.#<..(...# #.#
#.##.(...##
#.###.##..##.#


You could see Robin, 5 hobgoblins and 5 goblins.

Vanquished Creatures
  Ijyb (D:2)
  An ooze (D:1)
  A worm (D:2)
  2 dart slugs (D:1)
  A leopard gecko (D:1)
  3 bats (D:1)
  6 goblins
  2 hobgoblins (D:1)
  6 jackals (D:1)
  2 ball pythons
  A frilled lizard (D:1)
  2 kobolds (D:1)
  3 rats (D:1)
31 creatures vanquished.

Notes
Turn   | Place    | Note
-------+----------+-------------------------------------------
     0 | D:1      | TitanofWar the Octopode Fighter began the quest for the Orb.
     0 | D:1      | Reached XP level 1. HP: 16/16 MP: 1/1
   142 | D:1      | Reached XP level 2. HP: 18/21 MP: 2/2
   289 | D:1      | Reached skill level 1 in Stealth
   324 | D:1      | Reached XP level 3. HP: 13/26 MP: 3/3
   973 | D:2      | Noticed Ijyb
   976 | D:2      | Paralysed by Ijyb for 5 turns
   984 | D:2      | Paralysed by Ijyb for 7 turns
   994 | D:2      | Killed Ijyb
   994 | D:2      | Reached XP level 4. HP: 17/31 MP: 4/4
  1461 | D:2      | Noticed Robin
  1470 | D:2      | Slain by a hobgoblin

Skill      XL: |  1  2  3 |
---------------+----------+-----
Stealth        | 1 2 |  2.6
Long Blades    | 3 |  3.1
Fighting       | |  3.2
Dodging        | |  3.2
Shields        | |  3.3

Action                   |  1- 3 |  4- 6 || total
-------------------------+-------+-------++-------
Melee: Long sword        |    54 |     9 ||    63
       Constrict         |    19 |     2 ||    21
       Tentacles         |    13 |     1 ||    14
 Stab: Sleeping          |     8 |     1 ||     9
  Eat: Chunk             |       |     2 ||     2
Armor: Skin              |     4 |     1 ||     5
Dodge: Dodged            |    19 |     5 ||    24
Block: Shield            |    12 |     6 ||    18
       Rpst.: Long sword |     6 |     1 ||     7
